3383 views
Uploaded 2020-07-12 02:31:29
Game version 1.32.6 / 1.32.7
24:10 long 1on1 ladder game on (2)ConcealedHill
Saved by BEARAND
3383 views
Uploaded 2020-07-12 02:31:29
Game version 1.32.6 / 1.32.7
24:10 long 1on1 ladder game on (2)ConcealedHill

22 units @ 4.3k
/ 0.8k
16 buildings @ 2.5k
/ 1.1k


| Scroll of Town Portal | 2 | 700 |
| Boots of Speed | 1 | 250 |
| Periapt of Vitality | 1 | 325 |
| total: | 4 | 1275g |
| Acolyte | 4 | 300 | / | 0 |
| Ghoul | 11 | 1320 | / | 0 |
| Frost Wyrm | 7 | 2695 | / | 840 |
| total: | 22 | 4315g | / | 840w |
| Nerubian Tower | 2 | 200 | / | 40 |
| Spirit Tower | 4 | 580 | / | 160 |
| Crypt | 1 | 200 | / | 50 |
| Graveyard | 1 | 215 | / | 0 |
| Ziggurat | 9 | 1350 | / | 450 |
| Altar of Darkness | 1 | 180 | / | 50 |
| Tomb of Relics | 1 | 130 | / | 30 |
| Sacrificial Pit | 1 | 75 | / | 150 |
| Boneyard | 2 | 350 | / | 400 |
| Halls of the Dead | 1 | 320 | / | 210 |
| Black Citadel | 1 | 325 | / | 230 |
| total: | 16 | 2500g | / | 1130w |
| 0:05 | Acolyte |
| 0:05 | Acolyte |
| 0:12 | Crypt |
| 0:33 | Graveyard |
| 0:44 | Ziggurat |
| 0:53 | Ziggurat |
| 1:15 | Ghoul |
| 1:17 | Ghoul |
| 1:44 | Nerubian Tower |
| 1:48 | Nerubian Tower |
| 1:54 | Ziggurat |
| 2:05 | Ghoul |
| 2:24 | Altar of Darkness |
| 2:37 | Ghoul |
| 2:50 | Spirit Tower |
| 3:03 | Cannibalize |
| 3:13 | Unholy Armor |
| 3:27 | Ziggurat |
| 3:52 | Unholy Strength |
| 4:20 | Ziggurat |
| 4:24 | Spirit Tower |
| 4:32 | Ziggurat |
| 4:44 | Vampiric Aura |
| 5:17 | Halls of the Dead |
| 5:18 | Spirit Tower |
| 5:31 | Spirit Tower |
| 6:09 | Sleep |
| 6:38 | Boots of Speed |
| 6:40 | Periapt of Vitality |
| 7:16 | Ghoul |
| 7:16 | Ghoul |
| 7:16 | Ghoul |
| 7:16 | Ghoul |
| 7:42 | Improved Unholy Strength |
| 7:47 | Improved Unholy Armor |
| 8:05 | Vampiric Aura |
| 8:50 | Creature Attack |
| 8:57 | Sacrificial Pit |
| 9:07 | Black Citadel |
| 9:34 | Death Coil |
| 11:24 | Improved Creature Attack |
| 11:27 | Ghoul |
| 11:27 | Ghoul |
| 11:27 | Ghoul |
| 11:58 | Boneyard |
| 12:25 | Boneyard |
| 12:43 | Web |
| 13:01 | Creature Carapace |
| 13:47 | Freezing Breath |
| 14:20 | Frost Wyrm |
| 14:52 | Frost Wyrm |
| 15:00 | Improved Creature Carapace |
| 15:16 | Acolyte |
| 15:38 | Frost Wyrm |
| 16:02 | Acolyte |
| 16:07 | Advanced Creature Attack |
| 17:41 | Advanced Creature Carapace |
| 18:37 | Frost Wyrm |
| 19:05 | Frost Wyrm |
| 19:48 | Ziggurat |
| 19:50 | Ziggurat |
| 19:55 | Ziggurat |
| 20:59 | Frost Wyrm |
| 21:25 | Tomb of Relics |
| 21:49 | Frost Wyrm |
| 22:33 | Scroll of Town Portal |
| 22:34 | Scroll of Town Portal |
| Chat | 495 |
| Right click | 382 |
| Select | 163 |
| Build/train/purchase | 61 |
| Use ability | 17 |
| Misc. action | 8 |
| Remove unit | 2 |
25 units @ 2.6k
/ 0.2k
74 buildings @ 4.2k
/ 2.2k



| Scroll of Regeneration | 2 | 200 |
| Potion of Healing | 4 | 600 |
| Potion of Mana | 1 | 200 |
| Lesser Clarity Potion | 1 | 70 |
| Staff of Sanctuary | 3 | 750 |
| Orb of Fire | 2 | 650 |
| Scroll of Town Portal | 1 | 350 |
| Staff of Teleportation | 3 | 450 |
| Boots of Speed | 3 | 750 |
| total: | 20 | 4020g |
| Peasant | 19 | 1425 | / | 0 |
| Priest | 1 | 135 | / | 10 |
| Dragonhawk Rider | 5 | 1000 | / | 150 |
| total: | 25 | 2560g | / | 160w |
| Scout Tower | 56 | 1680 | / | 1120 |
| Arcane Tower | 5 | 350 | / | 250 |
| Guard Tower | 36 | 2520 | / | 1800 |
| Altar of Kings | 1 | 180 | / | 50 |
| Farm | 8 | 640 | / | 160 |
| Lumber Mill | 1 | 120 | / | 0 |
| Arcane Vault | 2 | 260 | / | 60 |
| Town Hall | 2 | 770 | / | 410 |
| Blacksmith | 1 | 140 | / | 60 |
| Barracks | 1 | 160 | / | 60 |
| Arcane Sanctum | 1 | 150 | / | 140 |
| Gryphon Aviary | 1 | 140 | / | 150 |
| Keep | 1 | 320 | / | 210 |
| Castle | 1 | 360 | / | 210 |
| total: | 74 | 4240g | / | 2210w |
| 0:02 | Peasant |
| 0:02 | Peasant |
| 0:10 | Altar of Kings |
| 0:18 | Farm |
| 0:21 | Peasant |
| 0:28 | Peasant |
| 0:36 | Scout Tower |
| 0:42 | Peasant |
| 1:05 | Lumber Mill |
| 1:08 | Peasant |
| 1:16 | Peasant |
| 1:19 | Farm |
| 1:23 | Arcane Vault |
| 1:26 | Scout Tower |
| 1:27 | Peasant |
| 1:37 | Arcane Tower |
| 1:42 | Peasant |
| 1:59 | Peasant |
| 2:07 | Blizzard |
| 2:33 | Guard Tower |
| 2:35 | Scout Tower |
| 2:47 | Peasant |
| 2:48 | Peasant |
| 2:48 | Peasant |
| 2:51 | Peasant |
| 2:52 | Peasant |
| 3:04 | Scout Tower |
| 3:26 | Brilliance Aura |
| 3:40 | Town Hall |
| 3:42 | Scout Tower |
| 3:43 | Scout Tower |
| 3:50 | Scroll of Regeneration |
| 3:57 | Peasant |
| 4:03 | Improved Masonry |
| 4:09 | Arcane Tower |
| 4:09 | Guard Tower |
| 4:13 | Scout Tower |
| 4:23 | Guard Tower |
| 4:44 | Staff of Teleportation |
| 4:53 | Boots of Speed |
| 5:02 | Guard Tower |
| 5:09 | Guard Tower |
| 5:13 | Scout Tower |
| 5:29 | Scout Tower |
| 5:30 | Scout Tower |
| 5:52 | Scroll of Regeneration |
| 5:56 | Keep |
| 5:59 | Scout Tower |
| 6:02 | Guard Tower |
| 6:10 | Farm |
| 6:13 | Farm |
| 6:26 | Guard Tower |
| 6:27 | Guard Tower |
| 6:30 | Peasant |
| 6:48 | Blizzard |
| 6:56 | Guard Tower |
| 6:58 | Scout Tower |
| 6:59 | Scout Tower |
| 7:00 | Scout Tower |
| 7:01 | Scout Tower |
| 7:15 | Scout Tower |
| 7:15 | Scout Tower |
| 7:16 | Scout Tower |
| 7:16 | Scout Tower |
| 7:18 | Scout Tower |
| 7:25 | Guard Tower |
| 7:27 | Peasant |
| 8:26 | Guard Tower |
| 8:27 | Guard Tower |
| 8:32 | Arcane Sanctum |
| 8:32 | Advanced Masonry |
| 8:33 | Improved Lumber Harvesting |
| 8:37 | Potion of Healing |
| 8:39 | Scroll of Town Portal |
| 8:39 | Guard Tower |
| 8:40 | Guard Tower |
| 8:43 | Scout Tower |
| 9:09 | Guard Tower |
| 9:11 | Peasant |
| 9:23 | Boots of Speed |
| 9:23 | Staff of Teleportation |
| 9:27 | Storm Bolt |
| 9:49 | Priest |
| 9:49 | Magic Sentry |
| 10:34 | Brilliance Aura |
| 10:39 | Castle |
| 10:40 | Guard Tower |
| 10:40 | Guard Tower |
| 10:54 | Potion of Healing |
| 10:56 | Potion of Mana |
| 10:56 | Potion of Healing |
| 10:56 | Potion of Healing |
| 11:00 | Lesser Clarity Potion |
| 11:13 | Priest Adept Training |
| 11:40 | Bash |
| 11:58 | Scout Tower |
| 11:59 | Scout Tower |
| 12:00 | Scout Tower |
| 12:00 | Scout Tower |
| 12:03 | Gryphon Aviary |
| 12:42 | Scout Tower |
| 12:43 | Scout Tower |
| 12:44 | Scout Tower |
| 12:44 | Scout Tower |
| 12:45 | Scout Tower |
| 12:45 | Scout Tower |
| 13:01 | Arcane Vault |
| 13:18 | Guard Tower |
| 13:18 | Arcane Tower |
| 13:21 | Dragonhawk Rider |
| 13:25 | Blacksmith |
| 13:26 | Barracks |
| 13:53 | Dragonhawk Rider |
| 13:55 | Imbued Masonry |
| 13:56 | Advanced Lumber Harvesting |
| 14:00 | Staff of Sanctuary |
| 14:00 | Orb of Fire |
| 14:05 | Guard Tower |
| 14:05 | Guard Tower |
| 14:11 | Staff of Sanctuary |
| 14:31 | Guard Tower |
| 14:40 | Holy Light |
| 15:12 | Guard Tower |
| 15:15 | Town Hall |
| 15:33 | Dragonhawk Rider |
| 15:33 | Dragonhawk Rider |
| 15:33 | Cloud |
| 15:40 | Animal War Training |
| 16:02 | Guard Tower |
| 16:02 | Guard Tower |
| 16:04 | Scout Tower |
| 16:27 | Storm Bolt |
| 16:29 | Boots of Speed |
| 16:29 | Staff of Teleportation |
| 16:52 | Divine Shield |
| 17:05 | Iron Forged Swords |
| 17:06 | Studded Leather Armor |
| 17:08 | Guard Tower |
| 17:10 | Scout Tower |
| 17:11 | Scout Tower |
| 17:11 | Scout Tower |
| 18:12 | Guard Tower |
| 18:50 | Steel Forged Swords |
| 18:55 | Staff of Sanctuary |
| 18:55 | Orb of Fire |
| 19:40 | Guard Tower |
| 19:41 | Scout Tower |
| 19:42 | Scout Tower |
| 19:43 | Scout Tower |
| 19:44 | Scout Tower |
| 20:42 | Guard Tower |
| 21:04 | Holy Light |
| 21:18 | Guard Tower |
| 21:32 | Mithril Forged Swords |
| 21:32 | Reinforced Leather Armor |
| 21:35 | Scout Tower |
| 21:36 | Scout Tower |
| 21:36 | Scout Tower |
| 21:38 | Scout Tower |
| 21:39 | Scout Tower |
| 21:40 | Scout Tower |
| 21:41 | Scout Tower |
| 21:44 | Scout Tower |
| 21:45 | Scout Tower |
| 21:45 | Scout Tower |
| 21:47 | Scout Tower |
| 22:51 | Arcane Tower |
| 22:52 | Arcane Tower |
| 22:54 | Guard Tower |
| 22:55 | Guard Tower |
| 23:26 | Dragonhawk Rider |
| 23:27 | Guard Tower |
| 23:40 | Farm |
| 23:40 | Farm |
| 23:41 | Farm |
| 23:42 | Farm |
| 24:03 | Scout Tower |
| 24:03 | Scout Tower |
| 24:04 | Scout Tower |
| 24:04 | Scout Tower |
| 24:05 | Scout Tower |
| 24:07 | Scout Tower |
| Right click | 1932 |
| Select | 551 |
| Chat | 472 |
| Select group | 402 |
| Build/train/purchase | 174 |
| Use ability | 71 |
| Misc. action | 33 |
| Assign group | 23 |
| Item give/drop | 7 |
โ